Map: Catalyst LE

Players

Classic - Winner!

  • Race: Protoss Protoss
  • Spawn Location: 5:00

puCK (Nina)

  • Race: Protoss Protoss
  • Spawn Location: 11:00

Event: WESG 2017 Haikou

VOD

Have the link to the VOD?

Description

Time

  • Played on: March 14, 2018, 3:03 a.m.
  • Length: 15:21

All games in this series

Show
View Real Time Build Order
Export as new Build Order

Classic Protoss - Winner!

Build Orders: Phoenix Opening 

Get SALT Encoding   

  12  0:00  Probe  
  13  0:12  Probe  
  14  0:17  Pylon  
  14  0:25  Probe  
  15  0:35  Gateway  
  15  0:37  Probe (Chrono Boost)  
  16  0:47  Probe (Chrono Boost), Assimilator  
  17  0:52  Probe (Chrono Boost)  
  17  0:55  Assimilator  
  19  1:04  Probe (Chrono Boost)  
  20  1:11  Probe (Chrono Boost)  
  20  1:15  Gateway  
  20  1:18  Probe  
  21  1:26  Cybernetics Core  
  21  1:30  Probe  
  22  1:37  Pylon  
  22  1:42  Probe  
  23  1:55  Probe  
  24  2:03  Stalker x2  
  24  2:06  Warp Gate  
  28  2:14  Pylon  
  28  2:21  Stargate  
  28  2:33  Stalker  
  30  2:37  Stalker  
  32  3:04  Phoenix (Chrono Boost)  
  34  3:14  Nexus  
  34  3:21  Phoenix (Chrono Boost)  
  35  3:38  Robotics Facility  
  35  3:46  Phoenix (Chrono Boost)  
  37  3:50  Probe  
  38  3:57  Pylon  
  38  4:02  Probe  
  39  4:15  Probe  
  40  4:17  Sentry  
  40  4:22  Immortal (Chrono Boost)  
  46  4:31  Zealot  
  49  4:38  Probe x2  
  50  4:50  Probe (Chrono Boost)  
  52  4:55  Probe (Chrono Boost)  
  52  4:56  Observer  
  54  5:01  Forge, Probe (Chrono Boost)  
  54  5:04  Sentry  
  54  5:05  Probe (Chrono Boost)  
  54  5:06  Probe (Chrono Boost)  
  57  5:08  Pylon  
  58  5:14  Probe  
  58  5:17  Probe  
  60  5:26  Probe  
  60  5:27  Assimilator  
  61  5:29  Probe, Assimilator  
  61  5:30  Immortal  
  61  5:32  Protoss Ground Weapons Level 1 (Chrono Boost)  
  66  5:39  Pylon  
  66  5:41  Probe  
  68  5:42  Probe  
  68  5:53  Probe  
  68  5:54  Twilight Council  
  68  5:55  Probe  
  70  5:58  Pylon  
  70  6:07  Probe  
  71  6:12  Gateway x2  
  71  6:16  Immortal (Chrono Boost)  
  75  6:30  Resonating Glaives (Chrono Boost)  
  75  6:31  Gateway  
  75  6:32  Sentry x2  
  79  6:38  Gateway  
  79  6:42  Shield Battery  
  79  6:47  Shield Battery  
  79  6:50  Pylon  
  79  6:57  Sentry x2  
  83  7:07  Pylon  
  83  7:08  Immortal  
  87  7:19  Pylon  
  87  7:21  Adept x3  
  93  7:25  Adept  
  95  7:42  Adept x5  
  105  7:46  Pylon  
  97  7:52  Adept  
  89  8:05  Adept x5  
  83  8:09  Protoss Ground Weapons Level 2 (Chrono Boost)  
  79  8:12  Adept  
  81  8:26  Adept x3  
  81  8:27  Adept  
  89  8:28  Adept  
  91  8:35  Warp Prism  
  93  8:42  Templar Archives  
  92  8:57  Adept x4  
  100  9:04  Adept x2  
  104  9:13  Observer  
  105  9:20  Pylon  
  105  9:27  High Templar x2  
  105  9:28  Adept x3  
  105  9:29  Adept  
  117  9:31  Archon  
  117  9:41  Pylon  
  117  9:53  Adept x2  
  117  9:54  Adept x2  
  125  10:06  High Templar x2  
  129  10:10  Archon  
  129  10:12  Nexus  
  129  10:19  Pylon  
  129  10:30  Adept x2  
  117  10:50  Nexus  
  117  10:57  Probe x2  
  117  11:02  High Templar  
  117  11:03  Adept, High Templar  
  125  11:06  Pylon  
  125  11:07  Archon  
  125  11:08  Pylon  
  125  11:09  Pylon  
  125  11:13  Observer  
  126  11:21  Pylon  
  126  11:22  Probe x2  
  126  11:36  High Templar x2  
  126  11:37  Adept x4  
  132  11:40  Archon  
  127  11:58  Probe x2  
  129  12:14  High Templar x2  
  129  12:15  Adept x3  
  139  12:19  Archon  
  139  12:21  Adept  
  141  12:25  Probe x3  
  141  12:27  Pylon  
  144  12:42  Probe x3 (Chrono Boost)  
  146  12:54  Probe x3 (Chrono Boost)  
  149  13:11  Adept x6  
  118  13:40  High Templar  
  118  13:41  High Templar x3  
  123  13:45  Archon x2  
  122  13:53  Observer  
  115  14:18  Adept  
  115  14:19  Adept x3  
  117  14:27  Probe x3  
  120  14:34  Observer  
  121  14:45  Adept x3  
  126  14:53  Adept  
  115  15:09  Adept  
Show
View Real Time Build Order
Export as new Build Order

puCK Protoss 

Build Orders: Phoenix Opening 

Get SALT Encoding   

  12  0:00  Probe  
  13  0:13  Probe  
  14  0:17  Pylon  
  14  0:25  Probe (Chrono Boost)  
  16  0:37  Probe (Chrono Boost)  
  16  0:39  Gateway  
  16  0:43  Probe (Chrono Boost)  
  16  0:46  Assimilator  
  17  0:51  Probe (Chrono Boost)  
  17  0:56  Assimilator  
  18  1:03  Probe (Chrono Boost)  
  19  1:08  Gateway  
  20  1:11  Probe (Chrono Boost)  
  20  1:18  Probe  
  20  1:23  Pylon  
  21  1:27  Cybernetics Core  
  21  1:30  Probe  
  22  1:38  Pylon  
  22  1:42  Probe  
  23  1:56  Probe  
  24  2:02  Warp Gate (Chrono Boost)  
  24  2:04  Stalker  
  24  2:05  Sentry  
  28  2:17  Pylon  
  28  2:32  Robotics Facility  
  28  2:34  Stalker  
  30  2:41  Stalker  
  32  2:59  Probe  
  33  3:11  Nexus, Phoenix  
  34  3:26  Immortal (Chrono Boost)  
  37  3:38  Probe  
  37  3:40  Pylon  
  37  3:51  Probe  
  38  3:58  Stalker x2  
  42  4:13  Pylon  
  42  4:16  Twilight Council  
  42  4:23  Probe  
  43  4:24  Stalker  
  43  4:25  Sentry  
  43  4:28  Probe  
  48  4:35  Probe  
  49  4:40  Probe  
  48  4:47  Probe  
  48  4:48  Stalker  
  48  4:52  Probe  
  50  4:54  Sentry  
  50  4:59  Probe (Chrono Boost)  
  53  5:04  Probe (Chrono Boost)  
  54  5:07  Resonating Glaives  
  54  5:11  Probe (Chrono Boost)  
  55  5:15  Probe (Chrono Boost)  
  55  5:17  Probe (Chrono Boost)  
  55  5:19  Probe (Chrono Boost)  
  57  5:30  Gateway  
  57  5:32  Gateway  
  56  5:36  Gateway  
  56  5:44  Gateway  
  56  5:46  Gateway  
  56  5:53  Pylon  
  56  5:55  Warp Prism (Chrono Boost)  
  56  6:00  Probe  
  56  6:01  Probe  
  60  6:11  Stalker  
  60  6:13  Probe  
  60  6:15  Probe  
  60  6:16  Adept  
  66  6:25  Probe, Pylon  
  67  6:28  Probe  
  68  6:34  Adept  
  68  6:38  Pylon  
  68  6:39  Pylon  
  70  6:49  Adept x3  
  70  6:50  Adept  
  74  7:05  Adept x4  
  80  7:09  Adept x2  
  80  7:11  Adept  
  86  7:16  Pylon  
  86  7:20  Pylon  
  86  7:26  Adept x2  
  80  7:42  Adept x4  
  80  7:51  Adept  
  80  7:52  Adept x2  
  74  8:02  Adept x3  
  68  8:16  Adept x4  
  74  8:25  Adept x3  
  80  8:33  Dark Shrine  
  80  8:36  Probe  
  82  8:44  Adept x2  
  85  8:48  Adept  
  85  8:49  Adept  
  85  8:52  Adept  
  85  8:55  Adept  
  93  8:56  Adept  
  95  9:09  Adept, Pylon  
  97  9:10  Adept  
  97  9:11  Observer  
  97  9:13  Adept  
  102  9:18  Adept  
  104  9:24  Adept x2  
  104  9:29  Pylon  
  108  9:41  Nexus  
  108  9:45  Adept  
  110  9:55  Probe x2  
  112  10:00  Templar Archives  
  112  10:03  Assimilator  
  112  10:04  Assimilator  
  112  10:08  Pylon  
  112  10:15  Adept x2  
  112  10:19  Adept  
  88  10:43  Adept x5  
  88  10:44  Adept x2  
  88  11:04  High Templar  
  88  11:05  Adept x2, High Templar  
  88  11:08  Adept  
  88  11:09  Archon  
  98  11:12  Adept  
  98  11:14  Adept  
  102  11:29  Adept x3  
  108  11:34  Adept  
  110  11:42  Adept x3  
  110  12:11  Nexus  
  110  12:14  High Templar x2  
  110  12:15  Adept x2  
  114  12:19  Archon  
  114  12:20  Zealot  
  116  12:25  Pylon  
  116  12:28  High Templar x2  
  120  12:33  Archon  
  120  12:43  Dark Shrine  
  120  12:49  Adept  
  120  12:50  Adept x2  
  120  12:51  Pylon  
  124  12:54  Adept  
  126  13:04  Adept x2  
  129  13:17  Adept x3  
  119  13:24  Adept  
  107  13:32  Adept x2  
  95  13:38  Adept  
  69  13:59  Dark Templar  
  54  14:30  Probe  
  53  14:36  Probe  
  53  14:50  Probe  
  54  14:59  Probe  
  43  15:09  Probe  
Tags
 
Add a new tag
Caveats
  • Supply blocks, unpowered buildings, or Contaminate may cause inaccurate times.
  • Supply counts are checked every 10 seconds.